UAA
TACOMA FUR TRADERS @ FT. POLK SOUTH THUNDER HAWKS
09/25/2019
 
TOP OF THE 1ST
Tacoma Fur Traders batting - Pitching for Ft. Polk South Thunder Hawks : RHP Marc Graham
Pitching: RHP Marc Graham
Batting: RHB Alfonso López 0-0: Swinging Strike
0-1: Ball
1-1: Called Strike
1-2: Ball
2-2: Foul Ball, location: 2F
2-2: Strikes out swinging
Batting: SHB Arnold Smith 0-0: Called Strike
0-1: Ball
1-1: Ball
2-1: Foul Ball, location: 2F
2-2: Ground out 6-3 (Groundball, 6)
Batting: RHB Justin Saginov 0-0: Ball
1-0: Ball
2-0: Called Strike
2-1: Called Strike
2-2: Foul Ball, location: 2F
2-2: Strikes out looking
Top of the 1st over - 0 run(s), 0 hit(s), 0 error(s), 0 left on base; Tacoma 0 - Ft. Polk South 0
BOTTOM OF THE 1ST
Ft. Polk South Thunder Hawks batting - Pitching for Tacoma Fur Traders : RHP Luis Castrejón
Pitching: RHP Luis Castrejón
Batting: RHB Nick Miller 0-0: Ball
1-0: Fly out, F7 (Flyball, 7M)
Batting: RHB Joe Murray 0-0: Ball
1-0: Called Strike
1-1: Fly out, F9 (Flyball, 89M)
Batting: LHB José Marín 0-0: Foul Ball, location: 2F
0-1: Ball
1-1: Ground out 4-3 (Groundball, 4)
Bottom of the 1st over - 0 run(s), 0 hit(s), 0 error(s), 0 left on base; Tacoma 0 - Ft. Polk South 0
TOP OF THE 2ND
Tacoma Fur Traders batting - Pitching for Ft. Polk South Thunder Hawks : RHP Marc Graham
Batting: LHB Ramón García 0-0: Ball
1-0: Ball
2-0: Called Strike
2-1: Called Strike
2-2: Ground out 6-3 (Groundball, 6M)
Batting: RHB Vicente Hernández 0-0: Ball
1-0: Ground out 4-3 (Groundball, 4M)
Batting: RHB Andy Moore 0-0: SINGLE (Line Drive, 6MD)
Batting: RHB Ronald Hines 0-0: Ball
1-0: Foul Ball, location: 2F
1-1: Fly out, F8 (Flyball, 8RM)
Top of the 2nd over - 0 run(s), 1 hit(s), 0 error(s), 1 left on base; Tacoma 0 - Ft. Polk South 0
BOTTOM OF THE 2ND
Ft. Polk South Thunder Hawks batting - Pitching for Tacoma Fur Traders : RHP Luis Castrejón
Batting: LHB Guomez Nabeiro 0-0: Ball
1-0: Ball
2-0: Swinging Strike
2-1: Called Strike
2-2: Foul Ball, location: 2F
2-2: Ball
3-2: Base on Balls
Batting: SHB Stephen Dowell 0-0: Ball
1-0: Grounds into double play, 1-4-3 (Groundball, 15S)
Batting: RHB Francisco Romero 0-0: Called Strike
0-1: Ball
1-1: Ball
2-1: SOLO HOME RUN (Flyball, 9LD), Distance : 328 ft
Batting: RHB Orlando Jiménez 0-0: Called Strike
0-1: Swinging Strike
0-2: Strikes out swinging
Bottom of the 2nd over - 1 run(s), 1 hit(s), 0 error(s), 0 left on base; Tacoma 0 - Ft. Polk South 1
TOP OF THE 3RD
Tacoma Fur Traders batting - Pitching for Ft. Polk South Thunder Hawks : RHP Marc Graham
Batting: RHB Robert Jones 0-0: Fly out, F8 (Flyball, 8LM)
Batting: RHB Johnny Bryant 0-0: Ball
1-0: Swinging Strike
1-1: Foul Ball, location: 2F
1-2: Foul Ball, location: 2F
1-2: Strikes out swinging
Batting: RHB Alfonso López 0-0: Bunt for hit - play at first, batter OUT! 1-3
Top of the 3rd over - 0 run(s), 0 hit(s), 0 error(s), 0 left on base; Tacoma 0 - Ft. Polk South 1
BOTTOM OF THE 3RD
Ft. Polk South Thunder Hawks batting - Pitching for Tacoma Fur Traders : RHP Luis Castrejón
Batting: RHB Steven Grant 0-0: Called Strike
0-1: SINGLE (Groundball, 6MD)
Batting: RHB José Sosa 0-0: Called Strike
0-1: Swinging Strike
0-2: Strikes out looking
Batting: RHB Nick Miller 0-0: Called Strike
0-1: Fly out, F4 (Popup, 3D)
Batting: RHB Joe Murray 0-0: SINGLE (Line Drive, 4D)
Steven Grant to second
Batting: LHB José Marín 0-0: Ball
Wild Pitch!
Steven Grant to third
Joe Murray to second
1-0: SINGLE (Groundball, 56D) (infield hit)
Steven Grant scores
Joe Murray to third
Batting: LHB Guomez Nabeiro 0-0: Called Strike
0-1: Ball
1-1: Foul Ball, location: 2F
1-2: Ball
2-2: Ball
3-2: Fly out, F9 (Flyball, 9LM)
Bottom of the 3rd over - 1 run(s), 3 hit(s), 0 error(s), 2 left on base; Tacoma 0 - Ft. Polk South 2
TOP OF THE 4TH
Tacoma Fur Traders batting - Pitching for Ft. Polk South Thunder Hawks : RHP Marc Graham
Batting: SHB Arnold Smith 0-0: Called Strike
0-1: Swinging Strike
0-2: Strikes out swinging
Batting: RHB Justin Saginov 0-0: Foul Ball, location: 2F
0-1: Swinging Strike
0-2: Strikes out looking
Batting: LHB Ramón García 0-0: Foul Ball, location: 2F
0-1: Called Strike
0-2: Ball
1-2: Fly out, F5 (Popup, 25)
Top of the 4th over - 0 run(s), 0 hit(s), 0 error(s), 0 left on base; Tacoma 0 - Ft. Polk South 2
BOTTOM OF THE 4TH
Ft. Polk South Thunder Hawks batting - Pitching for Tacoma Fur Traders : RHP Luis Castrejón
Batting: SHB Stephen Dowell 0-0: Ball
1-0: Called Strike
1-1: Ball
2-1: Fly out, F7 (Flyball, 7LM)
Batting: RHB Francisco Romero 0-0: Called Strike
0-1: Ball
1-1: Foul Ball, location: 2F
1-2: Ground out 6-3 (Groundball, 6M)
Batting: RHB Orlando Jiménez 0-0: Called Strike
0-1: Ball
1-1: Swinging Strike
1-2: Ball
2-2: Strikes out swinging, 2-3 out at first.
Bottom of the 4th over - 0 run(s), 0 hit(s), 0 error(s), 0 left on base; Tacoma 0 - Ft. Polk South 2
TOP OF THE 5TH
Tacoma Fur Traders batting - Pitching for Ft. Polk South Thunder Hawks : RHP Marc Graham
Batting: RHB Vicente Hernández 0-0: Called Strike
0-1: Foul Ball, location: 2F
0-2: Ball
1-2: Fly out, F7 (Flyball, 7M)
Batting: RHB Andy Moore 0-0: Ball
1-0: Ball
2-0: Ball
3-0: Called Strike
3-1: Called Strike
3-2: Ground out 2-3 (Groundball, 25)
Batting: RHB Ronald Hines 0-0: Ball
1-0: Ball
2-0: Ball
3-0: Base on Balls
Batting: RHB Robert Jones 0-0: Ball
1-0: Swinging Strike
1-1: Swinging Strike
1-2: Foul Ball, location: 2F
1-2: Ball
2-2: Foul Ball, location: 2F
2-2: Ball
3-2: Strikes out swinging
Top of the 5th over - 0 run(s), 0 hit(s), 0 error(s), 1 left on base; Tacoma 0 - Ft. Polk South 2
BOTTOM OF THE 5TH
Ft. Polk South Thunder Hawks batting - Pitching for Tacoma Fur Traders : RHP Luis Castrejón
Batting: RHB Steven Grant 0-0: Ball
1-0: Ball
2-0: Ball
3-0: Base on Balls
Batting: RHB José Sosa 0-0: Swinging Strike
0-1: Foul Ball, location: 2F
0-2: Strikes out swinging
Batting: RHB Nick Miller 0-0: Ball
1-0: Ball
2-0: Fly out, F8 (Flyball, 8LM)
Batting: RHB Joe Murray 0-0: Ball
1-0: Foul Ball, location: 2F
1-1: Ball
2-1: Ball
3-1: Called Strike
3-2: Ground out 6-3 (Groundball, 6)
Bottom of the 5th over - 0 run(s), 0 hit(s), 0 error(s), 1 left on base; Tacoma 0 - Ft. Polk South 2
TOP OF THE 6TH
Tacoma Fur Traders batting - Pitching for Ft. Polk South Thunder Hawks : RHP Marc Graham
Batting: RHB Johnny Bryant 0-0: Ball
1-0: SINGLE (Flyball, 7S)
Batting: RHB Alfonso López 0-0: Sac Bunt - play at first, batter OUT! 6-3
Johnny Bryant to second
Batting: SHB Arnold Smith 0-0: Swinging Strike
0-1: Ball
1-1: SINGLE (Groundball, 4MD)
Johnny Bryant to third
Batting: RHB Justin Saginov 0-0: Ball
1-0: Ball
2-0: Ball
3-0: Called Strike
3-1: SINGLE (Flyball, 8LS)
Johnny Bryant scores
Arnold Smith to second
Runner from 2nd tries for 3rd, SAFE, throw made to third
Justin Saginov to second
Batting: LHB Ramón García 0-0: Ball
1-0: SINGLE (Line Drive, 89S)
Arnold Smith scores
Justin Saginov to third
Runner from 3rd tries for Home, SAFE, no throw or cutoff
Batting: RHB Vicente Hernández 0-0: Foul Ball, location: 2F
0-1: Called Strike
0-2: Strikes out swinging
Batting: RHB Andy Moore 0-0: Foul Ball, location: 2F
0-1: Ball
1-1: SINGLE (Groundball, 6MD)
Ramón García to second
Runner from 2nd tries for 3rd, SAFE, throw made to third
Batting: RHB Ronald Hines 0-0: Ball
1-0: Ball
2-0: Foul Ball, location: 2F
2-1: Swinging Strike
2-2: Ball
3-2: Base on Balls
Andy Moore to second
Batting: RHB Robert Jones 0-0: Foul Ball, location: 2F
0-1: Fly out, F7 (Flyball, 8LS)
Top of the 6th over - 3 run(s), 5 hit(s), 0 error(s), 3 left on base; Tacoma 3 - Ft. Polk South 2
BOTTOM OF THE 6TH
Ft. Polk South Thunder Hawks batting - Pitching for Tacoma Fur Traders : RHP Luis Castrejón
Batting: LHB José Marín 0-0: Ball
1-0: Ball
2-0: Ball
3-0: Foul Ball, location: 2F
3-1: Swinging Strike
3-2: Base on Balls
Batting: LHB Guomez Nabeiro 0-0: Ball
1-0: Fly out, F1 (Line Drive, 13)
1-0: Lined into DP, 1-3 (Line Drive, 13)
Batting: SHB Stephen Dowell 0-0: Called Strike
0-1: Ball
1-1: Foul Ball, location: 2F
1-2: Ground out 5-3 (Groundball, 5S)
Bottom of the 6th over - 0 run(s), 0 hit(s), 0 error(s), 0 left on base; Tacoma 3 - Ft. Polk South 2
TOP OF THE 7TH
Tacoma Fur Traders batting - Pitching for Ft. Polk South Thunder Hawks : RHP Marc Graham
Batting: RHB Johnny Bryant 0-0: Called Strike
0-1: Foul Ball, location: 2F
0-2: Strikes out swinging
Batting: RHB Alfonso López 0-0: Foul Ball, location: 2F
0-1: Ball
1-1: Called Strike
1-2: Fly out, F6 (Popup, 6M)
Batting: SHB Arnold Smith 0-0: Foul Ball, location: 2F
0-1: Foul Ball, location: 2F
0-2: Fly out, F5 (Popup, 5SF)
Top of the 7th over - 0 run(s), 0 hit(s), 0 error(s), 0 left on base; Tacoma 3 - Ft. Polk South 2
BOTTOM OF THE 7TH
Ft. Polk South Thunder Hawks batting - Pitching for Tacoma Fur Traders : RHP Luis Castrejón
Batting: RHB Francisco Romero 0-0: SINGLE (Groundball, 6MD)
Pinch Hitting: LHB José López 0-0: Ball
1-0: DOUBLE (Line Drive, 5D)
Francisco Romero to third
Batting: RHB Steven Grant 0-0: Swinging Strike
0-1: Ball
1-1: Foul Ball, location: 2F
1-2: Strikes out swinging
Pinch Hitting: RHB Héctor López 0-0: Called Strike
0-1: Foul Ball, location: 2F
0-2: Ball
1-2: Strikes out looking
Pinch Hitting: RHB Henry Weber 0-0: Called Strike
0-1: Fly out, F8 (Flyball, 8RM)
Bottom of the 7th over - 0 run(s), 2 hit(s), 0 error(s), 2 left on base; Tacoma 3 - Ft. Polk South 2
TOP OF THE 8TH
Tacoma Fur Traders batting - Pitching for Ft. Polk South Thunder Hawks : RHP Marc Graham
Now at 3B: Henry Weber
Now in CF: José López
Batting: RHB Justin Saginov 0-0: SINGLE (Line Drive, 9S)
Pitching: RHP Ernest White
Now at 2B: Armando Olvera
Pinch Hitting: LHB Jim Unknown 0-0: Called Strike
0-1: Ball
1-1: Called Strike
Justin Saginov is caught stealing 2nd base
1-2: Ball
2-2: Ball
3-2: SINGLE (Line Drive, 7S)
Pinch Hitting: RHB Ángel Garza 0-0: Ball
1-0: Ball
2-0: Ball
3-0: Base on Balls
Jim Unknown to second
Pinch Hitting: LHB Ernesto Sánchez 0-0: Fielders Choice at 2nd, 4-6 (Groundball, 34)
Jim Unknown to third
Batting: RHB Ronald Hines 0-0: Called Strike
0-1: Ball
1-1: Foul Ball, location: 2F
1-2: Foul Ball, location: 2F
1-2: Ball
2-2: Ball
3-2: Strikes out swinging
Top of the 8th over - 0 run(s), 2 hit(s), 0 error(s), 2 left on base; Tacoma 3 - Ft. Polk South 2
BOTTOM OF THE 8TH
Ft. Polk South Thunder Hawks batting - Pitching for Tacoma Fur Traders : RHP Luis Castrejón
Pitching: LHP Don Bender
Now at 1B: Burton Storey
Now at 3B: Harley Gray
Now in RF: Jim Unknown
Batting: RHB Joe Murray 0-0: Ground out 5-3 (Groundball, 5L)
Pitching: RHP Wally Nelson
Batting: LHB José Marín 0-0: Swinging Strike
0-1: Swinging Strike
0-2: Fly out, F9 (Flyball, 9LM)
Batting: LHB Guomez Nabeiro 0-0: Swinging Strike
0-1: Ball
1-1: Foul Ball, location: 2F
1-2: Ball
2-2: Ball
3-2: Foul Ball, location: 2F
3-2: Strikes out swinging
Bottom of the 8th over - 0 run(s), 0 hit(s), 0 error(s), 0 left on base; Tacoma 3 - Ft. Polk South 2
TOP OF THE 9TH
Tacoma Fur Traders batting - Pitching for Ft. Polk South Thunder Hawks : RHP Ernest White
Pitching: RHP Johnny Allen
Batting: RHB Robert Jones 0-0: Ball
1-0: Ground out 1-3 (Groundball, 15S)
Batting: RHB Johnny Bryant 0-0: Ball
1-0: Called Strike
1-1: Foul Ball, location: 2F
1-2: Ball
2-2: SINGLE (Line Drive, 89S)
Batting: RHB Alfonso López 0-0: Ball
1-0: Ball
2-0: Fly out, F9 (Flyball, 89S)
Pinch Hitting: RHB Miguel Silva 0-0: Called Strike
0-1: Ball
1-1: Reached on error, E6 (Groundball, 6)
Johnny Bryant to second
Batting: RHB Justin Saginov 0-0: Foul Ball, location: 2F
0-1: Ball
1-1: Ball
2-1: Swinging Strike
2-2: Foul Ball, location: 2F
2-2: Ball
3-2: Strikes out swinging
Top of the 9th over - 0 run(s), 1 hit(s), 1 error(s), 2 left on base; Tacoma 3 - Ft. Polk South 2
BOTTOM OF THE 9TH
Ft. Polk South Thunder Hawks batting - Pitching for Tacoma Fur Traders : RHP Wally Nelson
Pitching: LHP Steve Adkins
Now in LF: Larry Johnston
Batting: SHB Stephen Dowell 0-0: Ball
1-0: Foul Ball, location: 2F
1-1: Foul Ball, location: 2F
1-2: Ball
2-2: Foul Ball, location: 2F
2-2: Ground out 3-1 (Groundball, 34)
Batting: RHB Francisco Romero 0-0: Ball
1-0: Ball
2-0: Called Strike
2-1: Ball
3-1: Fly out, F8 (Flyball, 8LM)
Pinch Hitting: RHB Clark Calhoun 0-0: Ball
1-0: Ball
2-0: Called Strike
2-1: Swinging Strike
2-2: Strikes out swinging
Bottom of the 9th over - 0 run(s), 0 hit(s), 0 error(s), 0 left on base; Tacoma 3 - Ft. Polk South 2
This league is powered by Out of the Park Baseball, the baseball management simulation game for PC, Mac and Linux
Saturday, July 25th, 2015 - OOTP Baseball 15.6 Build 34